 Dungeon Crawl Stone Soup version 0.25-a0-589-g1e14c549ee (webtiles) character file.

Game seed: 9122986120338587382, levelgen mode: deterministic

30 vurker the Gusty (level 3, 15/15 HPs)
             Began as a Felid Air Elementalist on Mar 12, 2020.
             Quit the game on level 3 of the Dungeon.
             The game lasted 00:02:23 (2278 turns).

vurker the Gusty (Felid Air Elementalist)           Turns: 2278, Time: 00:02:24

Health: 15/15      AC:  1    Str:  4    XL:     3   Next: 5%
Magic:  8/8        EV: 18    Int: 17    God:
Gold:   155        SH:  0    Dex: 16    Spells: 6/7 levels left
                                        Lives:  0   Deaths: 1

rFire    . . .     SeeInvis +   (weapon unavailable)
rCold    . . .     Gourm    .   (shield unavailable)
rNeg     . . .     Faith    .   (armour unavailable)
rPois    .         Spirit   .   (helmet unavailable)
rElec    .         Reflect  .   (cloak unavailable)
rCorr    .         Harm     .   (gloves unavailable)
MR       .....                  (boots unavailable)
Stlth    +++.......             (no amulet)
HPRegen  0.05/turn              (no ring)
MPRegen  0.11/turn              (no ring)

@: quick
A: very small, no armour, no weapons or thrown items, stealth, claws 1, fangs 3,
see invisible, carnivore, speed 1, shaggy fur 1, slow metabolism 1, sharp paws
a: no special abilities


You were on level 3 of the Dungeon.
You were not hungry.

You visited 1 branch of the dungeon, and saw 3 of its levels.

You collected 155 gold pieces.

Inventory:

Jewellery
 h - a cursed ring of teleportation {unknown}
   (You found it on level 2 of the Dungeon)
Scrolls
 c - a scroll of fear {unknown}
 d - a scroll of blinking {unknown}
 f - a scroll of remove curse {unknown}
 i - a scroll of teleportation {unknown}
 m - a scroll of identify {unknown}
Potions
 a - a potion of cancellation {unknown}
 b - 3 potions of curing {unknown}
 g - a potion of brilliance {unknown}
 j - a potion of mutation {unknown}
 l - a potion of degeneration {unknown}
Comestibles
 e - 3 rations
 k - a chunk of flesh


   Skills:
 + Level 1.1 Fighting
 - Level 2.6 Dodging
 - Level 2.6 Stealth
 * Level 2.8 Spellcasting
 + Level 1.5 Conjurations
 * Level 3.4 Air Magic


You had 6 spell levels left.
You knew the following spells:

 Your Spells              Type           Power        Failure   Level  Hunger
a - Shock                 Conj/Air       ##..         6%          1    #......

Your spell library contained the following spells:

 Spells                   Type           Power        Failure   Level  Hunger
 Swiftness                Chrm/Air       #.......     13%         2    ##.....
 Static Discharge         Conj/Air       ##......     19%         3    ###....
 Airstrike                Air            ##........   41%         4    #####..
 Lightning Bolt           Conj/Air       ##........   87%         5    ######.


Dungeon Overview and Level Annotations

Branches:
Dungeon (3/15)

Altars:


Innate Abilities, Weirdness & Mutations

You cannot wear armour.
You are incapable of wielding weapons or throwing items.
Your paws allow you to move quietly. (Stealth)
You have sharp claws.
You have razor-sharp teeth.
You have supernaturally acute eyesight. (SInv)
You are carnivorous and can eat meat at any time.
You cover ground quickly.
You are covered in fur. (AC +1)
You have a slow metabolism.
Your sharp claws are effective at attacking unaware monsters.


Message History

You climb downwards.
There is a stone staircase leading up here.
Found a hand axe.
You butcher the bat corpse.
k - a chunk of flesh You see here a bat skeleton. x2
A bat comes into view.
The bat moves out of view.
A bat comes into view.
Found a ration.
There are monsters nearby!
Aim: a bat The zap hits the bat.
The bat closely misses you.
Aim: a bat (heavily wounded)
The zap misses the bat.
The bat misses you.
A leopard gecko comes into view.
The bat closely misses you.
Aim: a bat (heavily wounded)
The zap hits the bat.
You kill the bat!
The leopard gecko hisses angrily.
The bat hits you but does no damage.
The zap misses the bat.
The zap hits the bat.
You kill the bat!
A centaur comes into view.
Aim: a leopard gecko The zap hits the leopard gecko.
The centaur shouts!
Aim: a leopard gecko (moderately wounded)
The zap misses the leopard gecko.
The zap hits the leopard gecko.
Aim: a leopard gecko (almost dead) That beam is likely to hit you.
Continue anyway? [Y]es or [N]o only, please.
That beam is likely to hit you.
Continue anyway? [Y]es or [N]o only, please.
That beam is likely to hit you.
Continue anyway?
Okay, then.
The centaur wields a +0 shortbow.
The centaur shoots an arrow.
The arrow barely misses you.
You see here an arrow.
The centaur shoots an arrow.
The arrow hits you!
Ouch! That really hurt!
* * * LOW HITPOINT WARNING * * *
There is a stone staircase leading up here.
You see here an arrow.
The centaur shoots an arrow.
The arrow hits you!
You stop ascending the stairs.
You die...
You are now level 3!
You rejoin the land of the living...
Found a sapphire potion, a ration and a hunting sling.

.....#.........
...............
...............
...............
.......%)......
...............
...............
.......@#
........#
.........
.......!..
####......#
.......#
..##.#### ###
#.


There were no monsters in sight!

Vanquished Creatures
  A worker ant (D:2)
  2 adders (D:2)
  A worm (D:2)
  A dart slug (D:1)
  A giant cockroach (D:2)
  2 goblins (D:1)
  3 hobgoblins
  4 kobolds
  A ball python (D:1)
  7 bats
  2 frilled lizards
  2 rats
27 creatures vanquished.

Notes
Turn   | Place    | Note
-------+----------+-------------------------------------------
     0 | D:1      | vurker the Felid Air Elementalist began the quest for the
                  | Orb.
     0 | D:1      | Reached XP level 1. HP: 7/7 MP: 4/4
   165 | D:1      | Reached skill level 1 in Conjurations
   793 | D:1      | Reached XP level 2. HP: 12/12 MP: 4/6
   836 | D:1      | Reached skill level 3 in Air Magic
  1427 | D:2      | Reached XP level 3. HP: 15/15 MP: 3/7
  1686 | D:2      | Reached skill level 1 in Fighting
  1911 | D:2      | Noticed a bullfrog
  2163 | D:2      | Reached XP level 4. HP: 16/19 MP: 0/9
  2265 | D:3      | Noticed a centaur
  2277 | D:3      | Shot with an arrow by a centaur
  2278 | D:3      | Reached XP level 3. HP: 0/15 MP: 4/8
  2278 | D:3      | Quit the game

Levels and vault maps discovered:
D:1:      dpeg_arrival_short_road, layout_basic, minmay_misc_feat_hallway,
          minmay_pentomino_s4
D:2:      layout_loops_ring, lightli_corner_chamber
D:3:      layout_rooms, first_ration, serial_corexii_hall,
          corexii_hall_statues_s, corexii_hall_statues_l, st_stairs_12,
          nicolae_gozag_cash_rules_everything_around_me, uniq_sigmund

Skill      XL: |  1  2  3 |
---------------+----------+-----
Conjurations   | 1 |  1.5
Air Magic      | 3 |  3.4
Fighting       | 1 |  1.1
Dodging        | |  2.6
Stealth        | |  2.6
Spellcasting   | |  2.8

Action                   |  1- 3 |  4- 6 || total
-------------------------+-------+-------++-------
Melee: Unarmed           |    15 |       ||    15
       Bite              |     2 |       ||     2
 Cast: Shock             |    58 |     7 ||    65
  Eat: Chunk             |    10 |       ||    10
Armor: Skin              |     2 |     1 ||     3
Dodge: Dodged            |    18 |     4 ||    22

Table legend:
 A = Non-vault XP
 B = Vault XP
 C = Vault XP percentage of total XP
 D = Non-vault monster count
 E = Vault monster count
 F = Vault count percentage of total count
                 A         B        C        D         E       F
            +---------+---------+-------+---------+---------+-------
      Total |      96 |       8 |   7.7 |      22 |       5 |  18.5
            +---------+---------+-------+---------+---------+-------
        D:1 |      15 |       7 |  31.8 |       9 |       4 |  30.8
        D:2 |      77 |       0 |   0.0 |      11 |       0 |   0.0
        D:3 |       4 |       1 |  20.0 |       2 |       1 |  33.3
            +---------+---------+-------+---------+---------+-------
